 Dungeon Crawl Stone Soup version 0.14-a0-1590-g25a9b7f (webtiles) character file.

334 ReteAZ the Magician (level 5, -1/28 HPs)
             Began as a Deep Elf Fire Elementalist on Dec 23, 2013.
             Slain by a worker ant (5 damage)
             ... on Level 3 of the Dungeon.
             The game lasted 00:13:00 (2772 turns).

ReteAZ the Magician (Deep Elf Fire Elementalist)    Turns: 2772, Time: 00:13:00

HP  -1/28        AC  4     Str 10      XL: 5   Next: 81%
MP  15/19        EV 13     Int 21      God:
Gold 92          SH  0     Dex 15      Spells:  3 memorised,  8 levels left

rFire  . . .     SeeInvis .     z - +1 short sword (venom)
rCold  . . .     Clarity  .     a - +0 elf robe
rNeg   . . .     Conserve .     (no shield)
rPois  .         rCorr    .     p - +0 helmet
rElec  .         rRot     .     m - +0 elf cloak
SustAb . .       Spirit   .     (no gloves)
rMut   .         Warding  .     (no boots)
Saprov . . .     Stasis   .     (no amulet)
                                (no ring)
                                s - +5,+4 ring of slaying {unknown}

@: mighty, slightly resistant to hostile enchantments, stealthy
A: no striking features
a: no special abilities


You were on level 3 of the Dungeon.
You were not hungry.

You visited 1 branch of the dungeon, and saw 4 of its levels.

You collected 92 gold pieces.

Inventory:

Hand weapons
 o - a +0,+2 elven vampiric whip
 z - a +1,+1 short sword of venom (weapon)
Missiles
 i - 19 darts (quivered)
Armour
 a - a +0 elven robe (worn)
 j - a +0 large shield
 m - a +0 elven cloak (worn)
 p - a +0 helmet (worn)
Comestibles
 c - 3 bread rations
 f - a meat ration
 r - an apple
 x - a chunk of adder flesh
 B - a choko
Scrolls
 d - 2 scrolls of fog {unknown}
 e - 3 scrolls of enchant weapon II {unknown}
 g - 2 scrolls of random uselessness {unknown}
 h - a scroll of enchant weapon I {unknown}
 l - a scroll of recharging {unknown}
 t - 3 scrolls of identify {unknown}
 u - 2 scrolls of fear {unknown}
 v - a scroll of teleportation {unknown}
 y - a scroll of curse armour {unknown}
 D - a scroll of remove curse {unknown}
Jewellery
 s - a +5,+4 ring of slaying (left hand) {unknown}
Potions
 k - a potion of heal wounds {unknown}
 n - a potion of might
 q - 2 potions of poison {unknown}
 w - a potion of restore abilities {unknown}
 C - a potion of degeneration {unknown}
Books
 b - a book of Flames

   Spells                             Type                      Level
   *Flame Tongue                      Conjuration/Fire             1
   *Throw Flame                       Conjuration/Fire             2
   *Conjure Flame                     Conjuration/Fire             3
   Inner Flame                        Hexes/Fire                   3
   Sticky Flame                       Conjuration/Fire             4
   Fireball                           Conjuration/Fire             5


   Skills:
 - Level 2.4 Dodging
 - Level 2.4 Stealth
 + Level 5.0 Spellcasting
 + Level 3.9 Conjurations
 + Level 5.0 Fire Magic


You had 8 spell levels left.
You knew the following spells:

 Your Spells              Type           Power        Failure   Level  Hunger
a - Flame Tongue          Conj/Fire      ###..        1%          1    None
b - Throw Flame           Conj/Fire      ###...       2%          2    None
c - Conjure Flame         Conj/Fire      ###.....     6%          3    ##.....


Dungeon Overview and Level Annotations

Branches:
Dungeon (4/16)
 Temple: D:4-7

Altars:
Fedhas

Annotations:
D:4 Grinder


Message History

Aiming: Flame Tongue
Press: ? - help, Shift-Dir - straight line, f/p - worker ant
Aim: a worker ant (lightly wounded)
The flame hits the worker ant.
The worker ant appears unharmed.
The worker ant is lightly wounded.
The worker ant barely misses you.
Drink which item? (? for menu, Esc to quit)
You feel very mighty all of a sudden.
It was a potion of might.
The worker ant barely misses you.
Casting: Flame Tongue
Confirm with . or Enter, or press ? or * to list all spells.
Aiming: Flame Tongue
Press: ? - help, Shift-Dir - straight line, f/p - worker ant
Aim: a worker ant (lightly wounded)
The flame misses the worker ant.
* * * LOW HITPOINT WARNING * * *
You feel sick.
You feel better. The worker ant bites you.
You die...

.#[#...# .#...#.# ######.# #.#
##### #.# #...# #.#####...#
#.#.......# #.#.###.#############
######.#.# #....@a.>.....#
.....#...###.%..###.####.#
......................%..#
.###..........#.###.####'########
#########.......# #.##..........#
#........###### #.##..........#
#........'....# #.##..........#
#........####.###.####'########
###########....##.# #.#


You could see a worker ant.

Vanquished Creatures
  A sky beast (D:3)
  An orc wizard (D:3)
  Terence (D:3)
  4 adders
  A gnoll (D:1)
  A giant mite (D:2)
  A worm (D:2)
  2 giant geckos
  2 oozes
  3 orcs (D:3)
  2 ball pythons (D:3)
  6 bats
  9 goblins
  5 hobgoblins
  10 kobolds
  2 giant cockroaches
  4 giant newts
  A quokka (D:2)
  8 rats
64 creatures vanquished.

Notes
Turn   | Place    | Note
--------------------------------------------------------------
     0 | D:1      | ReteAZ, the Deep Elf Fire Elementalist, began the quest for the Orb.
     0 | D:1      | Reached XP level 1. HP: 10/10 MP: 5/5
    89 | D:1      | Reached XP level 2. HP: 7/15 MP: 3/8
    93 | D:1      | Learned a level 2 spell: Throw Flame
   594 | D:1      | Reached XP level 3. HP: 19/19 MP: 8/11
   599 | D:1      | Learned a level 3 spell: Conjure Flame
   885 | D:2      | Reached skill level 4 in Spellcasting
  1103 | D:2      | Found a blossoming altar of Fedhas.
  1277 | D:2      | Reached XP level 4. HP: 24/24 MP: 2/15
  1627 | D:3      | Noticed Terence
  1632 | D:3      | Killed Terence
  2114 | D:3      | Noticed a sky beast
  2123 | D:3      | Killed a sky beast
  2123 | D:3      | Reached XP level 5. HP: 28/28 MP: 2/18
  2350 | D:3      | Reached skill level 5 in Spellcasting
  2492 | D:3      | Reached skill level 5 in Fire Magic
  2702 | D:4      | Noticed Grinder
  2772 | D:3      | Slain by a worker ant

Action                   |  1- 3 |  4- 6 || total
-------------------------+-------+-------++-------
Melee: Unarmed           |       |     2 ||     2
Throw: Dart              |       |    10 ||    10
 Cast: Flame Tongue      |    45 |    46 ||    91
       Throw Flame       |    16 |    18 ||    34
       Conjure Flame     |     3 |     7 ||    10
  Use: Potion            |       |     1 ||     1
